 Dungeon Crawl Stone Soup version 0.25-a0-36-g303dd5b1f4 (webtiles) character file.

Game seed: 2635120603721918194, levelgen mode: deterministic

3147 MrRokkomies the Soothsayer (level 9, 0/34 HPs)
             Began as a Felid Conjurer on Oct 18, 2019.
             Was a Priest of Nemelex Xobeh.
             Killed from afar by Erica (34 damage)
             ... with a bolt of poison
             ... on level 9 of the Dungeon on Oct 20, 2019.
             The game lasted 00:58:22 (14800 turns).

MrRokkomies the Soothsayer (Felid Conjurer)        Turns: 14800, Time: 00:58:23

Health: 0/34       AC:  2    Str:  4    XL:     9   Next: 62%
Magic:  16/16      EV: 21    Int: 19    God:    Nemelex Xobeh [***...]
Gold:   116        SH:  0    Dex: 17    Spells: 0/12 levels left
                                        Lives:  0   Deaths: 2

rFire    . . .     SeeInvis +   (weapon unavailable)
rCold    . . .     Gourm    .   (shield unavailable)
rNeg     . . .     Faith    .   (armour unavailable)
rPois    .         Spirit   .   (helmet unavailable)
rElec    .         Reflect  .   (cloak unavailable)
rCorr    .         Harm     .   (gloves unavailable)
MR       +....                  (boots unavailable)
Stlth    +++.......             (no amulet)
HPRegen  0.11/turn              (no ring)
MPRegen  0.15/turn              (no ring)

@: lethally poisoned (0 -> -17), quick
A: very small, no armour, no weapons or thrown items, stealth, claws 1, fangs 3,
see invisible, carnivore, speed 1, shaggy fur 2, slow metabolism 1, sharp paws
a: Draw Escape, Draw Destruction, Draw Summoning, Triple Draw, Renounce Religion


You were on level 9 of the Dungeon.
You worshipped Nemelex Xobeh.
Nemelex Xobeh was most pleased with you.
You were full.

You visited 1 branch of the dungeon, and saw 9 of its levels.
You also visited: Sewer.

You collected 506 gold pieces.
You spent 390 gold pieces at shops.

Inventory:

Jewellery
 j - a +3 ring of evasion
Wands
 d - a wand of clouds (2)
 e - a wand of random effects (24)
 m - a wand of acid (9)
Scrolls
 f - 4 scrolls of identify
 g - a scroll of fog
 k - 4 scrolls of teleportation
 l - 2 scrolls of immolation
 n - 2 scrolls of fear
Potions
 a - 2 potions of flight
 c - 3 potions of haste
 h - 2 potions of heal wounds
 i - 2 potions of might
 o - 2 potions of curing
 p - a potion of resistance
 q - a potion of lignification {unknown}
 r - a potion of berserk rage {unknown}
Comestibles
 b - 14 rations


   Skills:
 - Level 5.8 Dodging
 - Level 5.0 Stealth
 - Level 2.0 Spellcasting
 * Level 9.2 Conjurations
 - Level 5.2 Hexes
 + Level 0.0 Summonings
 * Level 9.3 Invocations


You couldn't memorise any spells.
You knew the following spells:

 Your Spells              Type           Power        Failure   Level  Hunger
a - Magic Dart            Conj           ####         1%          1    #......
b - Searing Ray           Conj           #####.       1%          2    ###....
c - Dazzling Spray        Conj/Hex       ####..       2%          3    ###....
d - Fulminant Prism       Conj/Hex       ####......   9%          4    #####..
e - Call Imp              Summ           #.......     26%         2    ###....

Your spell library contained the following spells:

 Spells                   Type           Power        Failure   Level  Hunger
 Iskenderun's Mystic Bla  Conj           #####...     3%          4    #####..
 Summon Small Mammal      Summ           #...         17%         1    #......
 Summon Guardian Golem    Hex/Summ       ##......     17%         3    ###....
 Force Lance              Conj/Tloc      ###.....     26%         4    #####..
 Call Canine Familiar     Summ           #.......     45%         3    ###....
 Summon Ice Beast         Ice/Summ       #.......     86%         4    #####..
 Summon Lightning Spire   Summ/Air       #.......     86%         4    #####..


Dungeon Overview and Level Annotations

Branches:
Dungeon (9/15)             Temple (0/1) D:7            Lair (0/6) D:8
  Sewer (visited)
    Orc: D:9-12

Altars:
Ashenzari
Cheibriados
Dithmenos
Elyvilon
Fedhas
Gozag
Kikubaaqudgha
Makhleb
Nemelex Xobeh
Qazlal
Ru
Trog
Uskayaw
Wu Jian
Zin
The Shining One

Shops:
D:6 [   D:7 :

Annotations:
D:4 Blork the orc, Duvessa, Natasha
D:9 Erica


Innate Abilities, Weirdness & Mutations

You cannot wear armour.
You are incapable of wielding weapons or throwing items.
Your paws allow you to move quietly. (Stealth)
You have sharp claws.
You have razor-sharp teeth.
You have supernaturally acute eyesight. (SInv)
You are carnivorous and can eat meat at any time.
You cover ground quickly.
You are covered in thick fur. (AC +2)
You have a slow metabolism.
Your sharp claws are effective at attacking unaware monsters.


Message History

There is a stone staircase leading down here.
You climb downwards.
There is a stone staircase leading up here.
Done exploring.
(D) Dungeon (T) Temple (L) Lair
Where to? (Enter - D:8, ? - help)
There is a stone staircase leading down here.
You climb downwards. 3 wights and Erica come into view.
Erica is wielding a +1 scimitar of flaming.
Found an escape hatch in the floor.
Found a stone staircase leading up.
There is a stone staircase leading up here.
Erica shouts!
You hear an angry hiss.
An adder comes into view.
Erica points at you and mumbles some strange words.
The bolt of poison hits you!!
You are poisoned.
Ouch! That really hurt!
You die...
Your body glows slightly and disappears.

..........
..z.>...# ........#
z..... .z... #..#
###########z.#
...........<.##
.......@...........
#########...#######
#...# #..@# #...#
#S..# .....


You could see Erica and a wight.

Vanquished Creatures
  Prince Ribbit (D:8)
  2 hippogriffs (D:8)
  2 basilisks (D:8)
  A yak (D:8)
  2 ice beasts
  Purgy (Sewer)
  2 black bears (D:7)
  A sky beast (D:8)
  2 wolves (D:4)
  2 slaves (D:4)
  2 necrophages
  2 centaurs (D:7)
  2 ogres
  A big kobold (D:7)
  A bullfrog (D:8)
  5 scorpions (D:4)
  4 howler monkeys
  3 jellies
  2 crimson imps
  4 orc priests
  2 hounds
  A centaur skeleton (D:8)
  2 iguanas (D:5)
  Jessica (D:3)
  Natasha (D:4)
  11 orc wizards
  Ijyb (D:3)
  5 worker ants
  A killer bee zombie (D:8)
  A hound zombie (D:6)
  2 hound skeletons (D:4)
  Robin (D:2)
  A howler monkey skeleton (D:8)
  11 adders
  8 gnolls
  8 oozes (D:2)
  8 worms
  5 leopard geckos
  28 orcs
  5 bats
  2 giant cockroaches
  11 goblins
  11 hobgoblins
  A jackal (D:1)
  18 kobolds
  7 quokkas
  7 ball pythons
  11 frilled lizards
  A jackal zombie (D:7)
  A quokka skeleton (D:5)
  5 rats
220 creatures vanquished.

Vanquished Creatures (collateral kills)
  A centaur (D:5)
  A worker ant zombie (D:5)
2 creatures vanquished.

Vanquished Creatures (others)
  A hound (D:3)
  An orc (D:3)
  7 fulminant prisms
  7 toadstools (D:2)
16 creatures vanquished.

Grand Total: 238 creatures vanquished

Notes
Turn   | Place    | Note
-------+----------+-------------------------------------------
     0 | D:1      | MrRokkomies the Felid Conjurer began the quest for the Orb.
     0 | D:1      | Reached XP level 1. HP: 7/7 MP: 4/4
   243 | D:1      | Reached XP level 2. HP: 11/11 MP: 1/6
   939 | D:2      | Learned a level 2 spell: Searing Ray
   945 | D:2      | Reached XP level 3. HP: 14/14 MP: 0/7
  1181 | D:2      | Noticed Robin
  1380 | D:2      | Killed Robin
  1878 | D:2      | Found a burning altar of Makhleb.
  1878 | D:2      | Noticed a green death
  1881 | D:2      | Noticed a ynoxinul
  1881 | D:2      | Noticed a neqoxec
  1932 | D:2      | Found a sparkling altar of Nemelex Xobeh.
  1937 | D:2      | Became a worshipper of Nemelex Xobeh the Trickster
  1991 | D:2      | Reached XP level 4. HP: 2/18 MP: 4/8
  2039 | D:2      | Learned a level 3 spell: Dazzling Spray
  2390 | D:2      | Received a gift from Nemelex Xobeh
  2692 | D:2      | Found an ornate altar of the Wu Jian Council.
  2696 | D:2      | Found an ancient bone altar of Kikubaaqudgha.
  2697 | D:2      | Found an opulent altar of Gozag.
  2852 | D:2      | Reached XP level 5. HP: 17/21 MP: 4/9
  2889 | D:2      | Reached skill level 5 in Dodging
  3176 | D:3      | Noticed Jessica
  3192 | D:3      | Killed Jessica
  3305 | D:3      | Found a hide-covered altar of Uskayaw.
  3345 | D:3      | Reached skill level 1 in Invocations
  3364 | D:3      | Reached skill level 5 in Conjurations
  3464 | D:3      | Reached * piety under Nemelex Xobeh
  3734 | D:3      | Gained mutation: You are covered in thick fur. (AC +2)
                  | [Felid growth]
  3734 | D:3      | Reached XP level 6. HP: 24/24 MP: 2/10
  4377 | D:3      | Reached skill level 5 in Stealth
  4582 | D:4      | Noticed Pikel
  4582 | D:4      | Noticed a slave
  5178 | D:4      | Reached XP level 7. HP: 27/27 MP: 9/11
  5313 | D:3      | Learned a level 4 spell: Fulminant Prism
  6092 | D:4      | Noticed Natasha
  6096 | D:4      | Killed Natasha
  6106 | D:4      | HP: 1/27 [scorpion (7)]
  6106 | D:4      | Slain by a scorpion
  6107 | D:4      | Reached XP level 6. HP: -5/24 MP: 1/10
  6136 | D:4      | Reached skill level 5 in Hexes
  6146 | D:4      | Noticed Ijyb
  6146 | D:4      | Noticed Natasha
  6229 | D:4      | Noticed a slave
  6229 | D:4      | Noticed a slave
  6230 | D:4      | Noticed a slave
  6231 | D:4      | Killed a slave
  6231 | D:4      | Killed a slave
  6232 | D:4      | a slave changed into a wolf
  6232 | D:4      | a slave changed into a wolf
  6232 | D:4      | Noticed Pikel
  6232 | D:4      | Pikel changed into Pikel the ice beast
  6235 | D:4      | Noticed Blork the orc
  6237 | D:4      | Killed Pikel the ice beast
  6237 | D:4      | Reached XP level 7. HP: 12/27 MP: 11/11
  6577 | D:4      | Noticed Duvessa
  6610 | D:3      | Killed Ijyb
  6726 | D:5      | Entered Level 5 of the Dungeon
  6741 | D:5      | Found a shadowy altar of Dithmenos.
  6779 | D:5      | HP: 1/27 [centaur/arrow (7)]
  6787 | D:5      | Reached skill level 5 in Invocations
  6789 | D:5      | Reached ** piety under Nemelex Xobeh
  7125 | D:5      | Received a gift from Nemelex Xobeh
  8610 | D:5      | Reached XP level 8. HP: 31/31 MP: 5/13
  8643 | D:5      | Slain by an orc
  8644 | D:5      | Reached XP level 7. HP: -2/27 MP: 2/12
  9314 | D:6      | Found Esuuq's Antique Armour Boutique.
  9434 | D:6      | Found a blossoming altar of Fedhas.
  9477 | D:6      | Received a gift from Nemelex Xobeh
  9504 | D:6      | Found a glowing drain.
  9514 | Sewer    | Entered a sewer
  9626 | Sewer    | Noticed Purgy
  9634 | Sewer    | Killed Purgy
 10590 | D:7      | Found Iciruex's Book Shoppe.
 10704 | D:7      | Upgraded the game from 0.25-a0-35-g747a2b3c0c to
                  | 0.25-a0-36-g303dd5b1f4
 10731 | D:7      | Reached XP level 8. HP: 31/31 MP: 8/14
 11567 | D:7      | Found a glowing golden altar of the Shining One.
 11728 | D:7      | Reached *** piety under Nemelex Xobeh
 11735 | D:7      | Found a staircase to the Ecumenical Temple.
 12597 | D:8      | Found a white marble altar of Elyvilon.
 12598 | D:8      | Found a stormy altar of Qazlal.
 12600 | D:8      | Found a snail-covered altar of Cheibriados.
 12603 | D:8      | Found a glowing silver altar of Zin.
 12605 | D:8      | Found a bloodstained altar of Trog.
 12605 | D:8      | Found a glowing golden altar of the Shining One.
 12608 | D:8      | Found a shattered altar of Ashenzari.
 12609 | D:8      | Found a sacrificial altar of Ru.
 12676 | D:8      | Noticed a hippogriff
 12739 | D:8      | Received a gift from Nemelex Xobeh
 12752 | D:8      | Noticed Prince Ribbit
 12761 | D:8      | Killed Prince Ribbit
 13185 | D:8      | Reached XP level 9. HP: 34/34 MP: 8/16
 13203 | D:8      | Found a staircase to the Lair.
 14740 | D:7      | Bought a book of Callings for 390 gold pieces
 14743 | D:7      | Learned a level 2 spell: Call Imp
 14796 | D:9      | Noticed Erica
 14800 | D:9      | Killed from afar by Erica

Levels and vault maps discovered:
D:1:      scummos_arrival_simple_crosswalls, layout_loops_cross,
          minmay_hexomino_f4
D:2:      cheibrodos_fertilizer, layout_loops_ring, makhleb_altar_promises_db,
          lemuel_crystal_altar, chequers_temple_overflow_statue_of_worship,
          uniq_robin
D:3:      layout_loops_ring, lemuel_round_altar, first_ration, uniq_jessica
D:4:      layout_cave_pools, uniq_pikel, uniq_blork_the_orc, uniq_duvessa,
          uniq_natasha, uniq_ijyb
D:5:      layout_basic, lemuel_crystal_altar
D:6:      layout_cave_pools, lemuel_doored_altar, serial_shops, shop,
          cheibrodos_sewer_entry_sluice
D:7:      layout_cave_pools, temple_hall, serial_shops, shop_statue,
          nicolae_tso_carved_into_rock
D:8:      layout_basic, minitemple, david_lair_generic, uniq_prince_ribbit1
D:9:      layout_long_grid, gammafunk_ghost_necromancy, uniq_erica

Skill      XL: |  1  2  3  4  5  6  7  8  9 |
---------------+----------------------------+-----
Dodging        | 3 4 5 |  5.8
Stealth        | 3 4 5 |  5.0
Conjurations   | 4 5 7 8 9 |  9.2
Invocations    | 1 4 6 8 9 |  9.3
Hexes          | 5 4 |  5.2
Spellcasting   | |  2.0

Action                   |  1- 3 |  4- 6 |  7- 9 || total
-------------------------+-------+-------+-------++-------
Melee: Unarmed           |    39 |   129 |    68 ||   236
       Bite              |     1 |    13 |     6 ||    20
 Cast: Magic Dart        |    61 |    85 |   330 ||   476
       Searing Ray       |     7 |    13 |    36 ||    56
       Dazzling Spray    |       |     3 |    10 ||    13
       Fulminant Prism   |       |       |     7 ||     7
 Abil: Draw Destruction  |       |     8 |     4 ||    12
       Draw Escape       |       |       |     1 ||     1
       Draw Summoning    |       |       |     1 ||     1
Evoke: Wand              |       |       |     4 ||     4
  Use: Scroll            |     1 |    11 |     5 ||    17
       Potion            |       |       |     3 ||     3
 Stab: Sleeping          |     1 |     9 |     1 ||    11
       Invisible         |       |       |     1 ||     1
  Eat: Chunk             |     2 |     7 |    29 ||    38
       Ration            |       |     1 |       ||     1
Armor: Skin              |     3 |     6 |     6 ||    15
Dodge: Dodged            |    35 |   126 |   234 ||   395

Table legend:
 A = Non-vault XP
 B = Vault XP
 C = Vault XP percentage of total XP
 D = Non-vault monster count
 E = Vault monster count
 F = Vault count percentage of total count
                 A         B        C        D         E       F
            +---------+---------+-------+---------+---------+-------
      Total |    4057 |    1673 |  29.2 |     176 |      44 |  20.0
            +---------+---------+-------+---------+---------+-------
        D:1 |      27 |       4 |  12.9 |      16 |       2 |  11.1
        D:2 |      61 |     142 |  70.0 |      19 |      21 |  52.5
        D:3 |     242 |      70 |  22.4 |      34 |       2 |   5.6
        D:4 |     715 |     174 |  19.6 |      22 |       2 |   8.3
        D:5 |     643 |       0 |   0.0 |      25 |       0 |   0.0
        D:6 |     379 |      11 |   2.8 |      14 |       3 |  17.6
        D:7 |     977 |       0 |   0.0 |      23 |       0 |   0.0
        D:8 |    1013 |    1117 |  52.4 |      23 |       5 |  17.9
      Sewer |       0 |     155 | 100.0 |       0 |       9 | 100.0
            +---------+---------+-------+---------+---------+-------
